 Dungeon Crawl Stone Soup version 0.29.0-10-g45618ea6d2 (webtiles) character file.

Game seed: 1155847732998977210

106 SensoryNuts the Slasher (level 4, -2/35 HPs)
             Began as a Demonspawn Fighter on Sept 2, 2022.
             Slain by an orc priest
             ... wielding a +0 vampiric trident
              (5 damage)
             ... on level 3 of the Dungeon.
             The game lasted 00:01:50 (2371 turns).

SensoryNuts the Slasher (Demonspawn Fighter)        Turns: 2371, Time: 00:01:51

Health: -2/35      AC:  6    Str: 16    XL:     4   Next: 55%
Magic:  4/4        EV:  9    Int: 10    God:
Gold:   120        SH:  5    Dex: 14    Spells: 3/3 levels left

rFire   . . .      SeeInvis .   d - +1 falchion (elec)
rCold   . . .      Faith    .   c - +0 buckler
rNeg    . . .      Spirit   .   b - +0 scale mail
rPois   .          Reflect  .   (no helmet)
rElec   .          Harm     .   (no cloak)
rCorr   .          Rampage  .   (no gloves)
Will    .....                   (no boots)
Stlth   ..........              (no amulet)
HPRegen 0.11/turn               (no ring)
MPRegen 0.09/turn               (no ring)

@: no status effects
A: powered by pain 1, demonic magic 1
a: no special abilities


You were on level 3 of the Dungeon.
You visited 1 branch of the dungeon, and saw 3 of its levels.

You collected 120 gold pieces.

Inventory:

Hand Weapons
 a - a +0 long sword
 d - a +1 falchion of electrocution (weapon)
Armour
 b - a +0 scale mail (worn)
 c - a +0 buckler (worn)
Scrolls
 e - a scroll of butterflies
 g - a scroll of immolation {unknown}
 j - 3 scrolls of fear
Potions
 f - a potion of brilliance


   Skills:
 + Level 3.1 Fighting
 * Level 3.4 Long Blades
 + Level 3.1 Armour
 + Level 0.5 Dodging
 + Level 3.2 Shields


You had 3 spell levels left.
You didn't know any spells.
Your spell library contained the following spells:

 Spells                   Type           Power      Damage    Failure   Level
 Foxfire                  Conj/Fire      0%         2x1d4     87%         1
 Sublimation of Blood     Necr           0%         N/A       95%         2
 Wereblood                Tmut           0%         N/A       95%         2
 Conjure Flame            Conj/Fire      0%         6-21      99%         3
 Inner Flame              Hex/Fire       0%         N/A       99%         3
 Flame Wave               Conj/Fire      0%         2d4       100%        4
 Summon Hydra             Summ           0%         N/A       100%        7


Dungeon Overview and Level Annotations

Branches:
Dungeon (3/15)

Altars:
Yredelemnul


Innate Abilities, Weirdness & Mutations

You sometimes gain a little power by taking damage.
Spells you cast may paralyse adjacent enemies.


Message History

The orc priest draws strength from your wounds!
You are too confused!
You are too confused!
You are too confused!
You are too confused!
You are too confused!
You are too confused!
You are too confused!
You are too confused!
There are monsters nearby!
There are monsters nearby!
Unknown command.
You are too confused!
You bump into the rock wall.
The orc wizard casts a spell at you. The magic dart hits you!
The orc priest closely misses you.
You bump into the rock wall.
The orc wizard hits you but does no damage.
The orc priest hits you with a +0 vampiric trident.
* * * LOW HITPOINT WARNING * * *
You hit the orc priest.
The orc priest is severely wounded.
The orc wizard barely misses you. The orc priest barely misses you.
You miss the orc priest.
The orc priest is severely wounded.
The orc wizard hits you but does no damage.
The orc priest completely misses you.
You completely miss the orc priest.
The orc priest is severely wounded.
The orc wizard hits you but does no damage.
The orc priest hits you with a +0 vampiric trident!
* * * LOW HITPOINT WARNING * * *
The orc priest draws strength from your wounds!
You barely miss the orc priest.
The orc priest is heavily wounded.
You feel less confused.
The orc wizard gestures at you while chanting.
You resist with some effort.
The orc priest hits you with a +0 vampiric trident.
You die...

#. .. #. ..
#. ##. #.
#.. .# #.
#[# .# #.
#.# .#
#o##.##.#
#o@.....#
####)..####
#.......+
##...####
#..##
##...##
##.....##
#.......#
##.....##
#.#


You could see an orc priest and an orc wizard.

Vanquished Creatures
  A scorpion (D:2)
  An ufetubus (D:3)
  3 dart slugs
  4 orcs (D:3)
  An endoplasm (D:1)
  3 goblins
  6 hobgoblins
  2 kobolds
  4 ball pythons
  4 bats (D:1)
  2 frilled lizards (D:1)
  6 rats
37 creatures vanquished.

Vanquished Creatures (others)
  A giant cockroach (D:3)
1 creature vanquished.

Grand Total: 38 creatures vanquished

Notes
Turn   | Place    | Note
-------+----------+-------------------------------------------
     0 | D:1      | SensoryNuts the Demonspawn Fighter began the quest for the
                  | Orb.
     0 | D:1      | Reached XP level 1. HP: 18/18 MP: 1/1
   116 | D:1      | You fall into a shaft and drop 1 floor!
   116 | D:2      | Found a basalt altar of Yredelemnul.
   185 | D:1      | Gained mutation: Spells you cast may paralyse adjacent
                  | enemies. [demonic ancestry]
   185 | D:1      | Reached XP level 2. HP: 24/24 MP: 2/2
   454 | D:1      | Found a faded altar of an unknown god.
   920 | D:2      | Reached XP level 3. HP: 29/29 MP: 3/3
  1322 | D:2      | Noticed a scorpion
  1330 | D:2      | Killed a scorpion
  1331 | D:2      | Gained mutation: You sometimes gain a little power by
                  | taking damage. [demonic ancestry]
  1331 | D:2      | Reached XP level 4. HP: 12/35 MP: 4/4
  2371 | D:3      | Slain by an orc priest

Illustrated notes

Levels and vault maps discovered:
D:1:      saegor_arrival_under_anarchy, layout_basic, basic_ecumenical_altar
D:2:      layout_loops_ring, basic_altar
D:3:      layout_loops_corners, grunt_temple_overflow_holy_war

Skill      XL: |  1  2  3 |
---------------+----------+-----
Shields        | 3 |  3.2
Long Blades    | 2 3 |  3.4
Armour         | 3 |  3.1
Fighting       | |  3.1
Dodging        | |  0.5

Action                   |  1- 3 |  4- 6 || total
-------------------------+-------+-------++-------
Melee: Long sword        |    83 |    23 ||   106
       Falchion          |       |     8 ||     8
  Use: Scroll            |     5 |     2 ||     7
       Potion            |     1 |       ||     1
Armor: Scale mail        |    45 |     8 ||    53
Dodge: Dodged            |    45 |    16 ||    61
Block: Buckler           |    21 |    12 ||    33
